 Dungeon Crawl Stone Soup version 0.30-a0-778-g2ef04afb54 (webtiles) character file.

Game seed: 9542811365424321823

1839 retardedninja the Shield-Bearer (level 9, 0/74 HPs)
             Began as a Gnoll Fighter on Feb 16, 2023.
             Was an Initiate of Gozag.
             Succumbed to an adder's poison
             ... on level 6 of the Dungeon.
             The game lasted 00:08:13 (6288 turns).

retardedninja the Shield-Bearer (Gnoll Fighter)     Turns: 6288, Time: 00:08:13

Health: 0/74       AC: 10    Str: 20    XL:     9   Next: 11%
Magic:  15/15      EV: 11    Int:  8    God:    Gozag
Gold:   360        SH:  5    Dex: 11    Spells: 16/16 levels left

rFire   + + .      SeeInvis .    a - +0 war axe
rCold   + . .      Faith    .    c - +0 buckler
rNeg    + . .      Spirit   .    b - +0 scale mail
rPois   +          Reflect  .    (no helmet)
rElec   +          Harm     .    (no cloak)
rCorr   +          Rampage  .    g - +0 pair of gloves
Will    .....                    f - +0 pair of boots
Stlth   +                        (no amulet)
HPRegen 0.32/turn                C - ring of protection from fire
MPRegen 0.14/turn                r - ring of positive energy

@: lethally poisoned (0 -> -6), resistant, gold aura, attractive
A: fangs 1, strong nose, distributed training
a: Renounce Religion, Potion Petition, Call Merchant, Bribe Branch


You were on level 6 of the Dungeon.
You worshipped Gozag.
Gozag was aware of your devotion.
You visited 2 branches of the dungeon, and saw 7 of its levels.
You also visited: Ossuary.

You collected 434 gold pieces.
You paid 74 gold pieces to Gozag.

Inventory:

Hand Weapons
 a - a +0 war axe (weapon)
Armour
 b - a +0 scale mail (worn)
 c - a +0 buckler (worn)
 f - a +0 pair of boots (worn)
 g - a +0 pair of gloves (worn)
Jewellery
 r - a ring of positive energy (right hand)
 v - a ring of flight
 C - a ring of protection from fire (left hand)
Wands
 k - a wand of paralysis (8)
 s - a wand of flame (15)
Scrolls
 d - 2 scrolls of fog {unknown}
 e - 5 scrolls of immolation
 h - 2 scrolls of enchant armour {unknown}
 j - a scroll of vulnerability {unknown}
 o - 2 scrolls of magic mapping {unknown}
 q - 3 scrolls of teleportation
 u - a scroll of brand weapon {unknown}
 x - a scroll of enchant weapon {unknown}
 y - a scroll of fear {unknown}
 B - a scroll of amnesia {unknown}
 D - a scroll of poison {unknown}
Potions
 l - 2 potions of brilliance
 m - 2 potions of mutation
 p - 2 potions of lignification
 t - a potion of attraction
 w - a potion of magic
 z - a potion of flight {unknown}
 A - a potion of haste {unknown}


   Skills:
 + Level 7.8 Fighting
 + Level 4.0 Short Blades
 + Level 4.0 Long Blades
 + Level 6.2 Axes
 + Level 4.0 Maces & Flails
 + Level 4.0 Polearms
 + Level 4.0 Staves
 + Level 4.0 Ranged Weapons
 + Level 4.0 Throwing
 + Level 7.8 Armour
 + Level 4.0 Dodging
 + Level 4.0 Stealth
 + Level 7.8 Shields
 + Level 4.0 Unarmed Combat
 + Level 4.0 Spellcasting
 + Level 3.3 Conjurations
 + Level 3.3 Hexes
 + Level 3.3 Summonings
 + Level 3.3 Necromancy
 + Level 3.3 Translocations
 + Level 3.3 Transmutations
 + Level 3.3 Fire Magic
 + Level 3.3 Ice Magic
 + Level 3.3 Air Magic
 + Level 3.3 Earth Magic
 + Level 3.3 Poison Magic
 + Level 4.5 Invocations
 + Level 4.0 Evocations


You had 16 spell levels left.
You didn't know any spells.
Your spell library contained the following spells:

 Spells                   Type           Power      Damage    Failure   Level
 Beastly Appendage        Tmut           14%        N/A       22%         1
 Blink                    Tloc           14%        N/A       34%         2
 Lesser Beckoning         Tloc           14%        N/A       34%         2
 Momentum Strike          Conj/Tloc      14%        3d8       34%         2
 Static Discharge         Conj/Air       14%        2-3/arc   34%         2
 Wereblood                Tmut           7%         N/A       34%         2
 Gell's Gravitas          Tloc           7%         N/A       56%         3
 Spider Form              Tmut/Pois      7%         N/A       56%         3
 Teleport Other           Tloc           7%         N/A       56%         3
 Vhi's Electric Charge    Tloc/Air       14%        N/A       56%         3
 Arcjolt                  Conj/Air       3%         1d13      99%         5
 Lightning Bolt           Conj/Air       3%         1d15      99%         5


Dungeon Overview and Level Annotations

Branches:
Dungeon (6/15)             Temple (1/1) D:4         Ossuary (visited)

Altars:
Ashenzari
Cheibriados
Elyvilon
Fedhas
Gozag
Hepliaklqana
Kikubaaqudgha
Makhleb
Nemelex Xobeh
Okawaru
Ru
Sif Muna
Trog
Vehumet
Wu Jian
Xom
Yredelemnul
Zin
The Shining One

Shops:
D:1 *   D:4 *


Innate Abilities, Weirdness & Mutations

You have very sharp teeth.
Your uncanny sense of smell can sniff out nearby items.
Your experience applies equally to all skills.


Message History

The adder is almost dead.
You barely miss the iguana.
You feel sick. The adder misses you. The iguana barely misses you.
You closely miss the adder. Your bite misses the adder.
The adder is almost dead.
You closely miss the iguana.
You feel sick. The adder bites you.
* * * LOW HITPOINT WARNING * * *
The iguana barely misses you. The adder bites you but does no damage.
You hit the adder but do no damage.
The adder is severely wounded.
You hit the iguana.
You feel sick.
You are no longer poisoned.
You block the iguana's attack. The adder barely misses you.
The iguana bites you but does no damage.
You miss the adder.
The adder is severely wounded.
You hit the iguana.
You kill the iguana!
The adder bites you.
* * * LOW HITPOINT WARNING * * *
You are poisoned.
The adder poisons you! The adder misses you.
You barely miss the adder. You bite the adder, but do no damage.
The adder is severely wounded.
You feel sick. The adder bites you but does no damage. The adder bites you.
* * * LOW HITPOINT WARNING * * *
You are lethally poisoned!
The adder poisons you!
It was a potion of magic.
Magic courses through your body.
You are no longer corroded.
* * * LOW HITPOINT WARNING * * *
You feel sick. You block the adder's attack.
It was a potion of attraction.
You feel attractive to monsters.
* * * LOW HITPOINT WARNING * * *
You feel sick. The adder barely misses you.
It was a potion of resistance.
You feel protected.
You die...
Your body crumbles into a pile of gold.

......# #####.# # # # #
$ ### ########## ...
#..@$....# #.#
#.~$S.~~.# #.#
#.~♣..♣~.# #.#
#........# #.#
#...$$...# #.#
#.~♣..♣~.# #########.#
#.~~..~~.#
..........####........#
#########....####''####


You could see an adder.

Vanquished Creatures
  Eustachio (D:5)
  2 ogres
  A centaur (D:5)
  A phantom (D:6)
  A kobold brigand (D:6)
  A necrophage (D:5)
  3 scorpions
  5 wights (D:6)
  4 crimson imps (D:4)
  4 centaur zombies (Ossuary)
  A hound (D:6)
  A jelly (D:6)
  A gnoll bouda (D:6)
  4 iguanas
  Ijyb (D:3)
  Natasha (D:2)
  6 mummies (Ossuary)
  7 adders
  7 gnolls
  2 ufetubi (D:6)
  2 worms
  3 dart slugs
  4 orcs (D:5)
  3 ball pythons
  7 bats
  2 endoplasms (D:3)
  4 giant cockroaches
  5 goblins
  4 hobgoblins
  5 jackals
  9 kobolds
  A quokka (D:1)
  4 frilled lizards
  A goblin zombie (Ossuary)
  A hobgoblin zombie (Ossuary)
  2 kobold zombies (Ossuary)
  4 rats
115 creatures vanquished.

Notes
Turn   | Place    | Note
-------+----------+-------------------------------------------
     0 | D:1      | retardedninja the Gnoll Fighter began the quest for the
                  | Orb.
     0 | D:1      | Reached XP level 1. HP: 23/23 MP: 1/1
   247 | D:1      | Found Qocsebe's General Store.
   369 | D:1      | Reached XP level 2. HP: 29/29 MP: 2/2
   750 | D:2      | Reached XP level 3. HP: 34/35 MP: 2/4
   782 | D:2      | Reached skill level 1 in Invocations
   876 | D:2      | Reached skill level 1 in Short Blades
   876 | D:2      | Reached skill level 1 in Long Blades
   876 | D:2      | Reached skill level 1 in Maces & Flails
   876 | D:2      | Reached skill level 1 in Polearms
   876 | D:2      | Reached skill level 1 in Staves
   876 | D:2      | Reached skill level 1 in Ranged Weapons
   876 | D:2      | Reached skill level 1 in Throwing
   876 | D:2      | Reached skill level 1 in Dodging
   876 | D:2      | Reached skill level 1 in Stealth
   876 | D:2      | Reached skill level 1 in Unarmed Combat
   876 | D:2      | Reached skill level 1 in Spellcasting
   876 | D:2      | Reached skill level 1 in Evocations
  1074 | D:2      | Noticed Natasha
  1080 | D:2      | Killed Natasha
  1081 | D:2      | Reached XP level 4. HP: 41/41 MP: 5/5
  1141 | D:2      | Reached skill level 1 in Conjurations
  1141 | D:2      | Reached skill level 1 in Hexes
  1141 | D:2      | Reached skill level 1 in Summonings
  1141 | D:2      | Reached skill level 1 in Necromancy
  1141 | D:2      | Reached skill level 1 in Translocations
  1141 | D:2      | Reached skill level 1 in Transmutations
  1141 | D:2      | Reached skill level 1 in Fire Magic
  1141 | D:2      | Reached skill level 1 in Ice Magic
  1141 | D:2      | Reached skill level 1 in Air Magic
  1141 | D:2      | Reached skill level 1 in Earth Magic
  1141 | D:2      | Reached skill level 1 in Poison Magic
  1429 | D:3      | Reached XP level 5. HP: 45/47 MP: 7/7
  1436 | D:3      | Found a faded altar of an unknown god.
  1571 | D:3      | Found a sparkling altar of Nemelex Xobeh.
  1666 | D:3      | Noticed Ijyb
  1681 | D:3      | Killed Ijyb
  2354 | D:4      | Found Zin's Purification Station.
  2357 | D:4      | Found a glowing silver altar of Zin.
  2454 | D:4      | Reached XP level 6. HP: 45/53 MP: 8/8
  2531 | D:4      | Found a staircase to the Ecumenical Temple.
  2558 | D:4      | Found a sand-covered staircase.
  2606 | Ossuary  | Entered an ossuary
  2657 | Ossuary  | Reached skill level 5 in Axes
  2943 | Ossuary  | Reached XP level 7. HP: 52/60 MP: 10/10
  3057 | D:4      | Found a shimmering altar of Xom.
  3193 | Temple   | Entered the Ecumenical Temple
  3618 | D:5      | Entered Level 5 of the Dungeon
  4158 | D:5      | Found a snail-covered altar of Cheibriados.
  4427 | D:5      | Found an opulent altar of Gozag.
  4535 | D:5      | Became a worshipper of Gozag Ym Sagoz the Greedy
  4794 | D:5      | Reached XP level 8. HP: 61/67 MP: 12/12
  4990 | D:5      | Noticed Eustachio
  5012 | D:5      | Killed Eustachio
  5956 | D:6      | Reached XP level 9. HP: 44/73 MP: 14/14
  6286 | D:6      | HP: 3/74 [poisoned by an adder]
  6287 | D:6      | HP: 1/74 [poisoned by an adder]
  6288 | D:6      | Succumbed to an adder's poison

Illustrated notes

Levels and vault maps discovered:
D:1:      saegor_arrival_simple_b, layout_basic, serial_shops,
          nicolae_shop_stone, ebering_dispersal_statue_hall, minmay_bisected
D:2:      minmay_evil_eye, layout_rooms, uniq_natasha
D:3:      layout_loops_ring, lemuel_doored_altar, basic_ecumenical_altar,
          uniq_ijyb
D:4:      minmay_door_path, layout_cave_pools, led_xom_imps, zin_purify,
          minmay_temple_entry_grid, nicolae_ossuary_entry_false_entrances,
          chequers_jeans
D:5:      layout_basic, cheibriados_altar_1, mainiacjoe_overflow_alcove_2,
          kennysheep_minor_cross, uniq_eustachio
D:6:      layout_loops_ring, kennysheep_generic_room_5
Temple:   eino_narrow_crystal_temple

Skill      XL: |  1  2  3  4  5  6  7  8  9 |
---------------+----------------------------+-----
Invocations    | 1 2 3 4 |  4.5
Short Blades   | 1 2 3 4 |  4.0
Long Blades    | 1 2 3 4 |  4.0
Maces & Flails | 1 2 3 4 |  4.0
Polearms       | 1 2 3 4 |  4.0
Staves         | 1 2 3 4 |  4.0
Ranged Weapons | 1 2 3 4 |  4.0
Throwing       | 1 2 3 4 |  4.0
Dodging        | 1 2 3 4 |  4.0
Stealth        | 1 2 3 4 |  4.0
Unarmed Combat | 1 2 3 4 |  4.0
Spellcasting   | 1 2 3 4 |  4.0
Evocations     | 1 2 3 4 |  4.0
Conjurations   | 1 2 3 |  3.3
Hexes          | 1 2 3 |  3.3
Summonings     | 1 2 3 |  3.3
Necromancy     | 1 2 3 |  3.3
Translocations | 1 2 3 |  3.3
Transmutations | 1 2 3 |  3.3
Fire Magic     | 1 2 3 |  3.3
Ice Magic      | 1 2 3 |  3.3
Air Magic      | 1 2 3 |  3.3
Earth Magic    | 1 2 3 |  3.3
Poison Magic   | 1 2 3 |  3.3
Axes           | 5 6 |  6.2
Fighting       | 7 |  7.8
Armour         | 7 |  7.8
Shields        | 7 |  7.8

Action                     |  1- 3 |  4- 6 |  7- 9 || total
---------------------------+-------+-------+-------++-------
  Melee: War axe           |    63 |   146 |   234 ||   443
         Bite              |     1 |    14 |    23 ||    38
  Evoke: Wand              |       |       |     2 ||     2
    Use: Scroll            |       |       |     6 ||     6
         Potion            |       |       |    13 ||    13
   Stab: Distracted        |       |       |     1 ||     1
 Armour: Scale mail        |    32 |    61 |   122 ||   215
  Dodge: Dodged            |    31 |    55 |   160 ||   246
  Block: Buckler           |    18 |    41 |    81 ||   140

Table legend: (Time is in decaauts)
 A = Elapsed time spent in this place.
 B = Non-inter-level travel time spent in this place.
 C = Inter-level travel time spent in this place.
 D = Time resting spent in this place.
 E = Time spent auto-exploring this place.
 F = Levels seen in this place.
 G = Mean time per level.
                   A        B        C        D        E       F      G
               +--------+--------+--------+--------+--------+-----+--------+
         Total |   6413 |   6265 |    148 |   1656 |   3400 |   8 |  801.6 |
       Dungeon |   5805 |   5670 |    135 |   1516 |   3130 |   6 |  967.5 |
        Temple |    155 |    142 |     13 |      0 |    135 |   1 |  155.0 |
       Ossuary |    452 |    452 |      0 |    140 |    135 |   1 |  452.0 |
               +--------+--------+--------+--------+--------+-----+--------+

Top non-repeatable levels by time:
     D:5: 1596 daAuts
     D:3: 1166 daAuts
     D:6: 1123 daAuts
     D:1: 726 daAuts
     D:4: 714 daAuts
     D:2: 478 daAuts
 Ossuary: 452 daAuts
  Temple: 155 daAuts
